 Dungeon Crawl Stone Soup version 0.21.1-1-g345015f (webtiles) character file.

467 Psiloshibe the Slasher (level 7, -7/82 HPs)
             Began as a Barachi Berserker on June 23, 2018.
             Was a Priest of Trog.
             Killed by divine providence
             ... invoked by an orc priest
              (12 damage)
             ... on level 5 of the Dungeon.
             The game lasted 00:09:09 (3568 turns).

Psiloshibe the Slasher (Barachi Berserker)          Turns: 3568, Time: 00:09:11

Health: -7/82      AC: 15    Str: 25    XL:     7   Next: 8%
Magic:  7/7        EV: 10    Int:  8    God:    Trog [***...]
Gold:   250        SH:  8    Dex: 11    Spells: 6/6 levels left

rFire    . . .     SeeInvis .   a - +2 mace (protect)
rCold    . . .     Gourm    .   u - +0 shield
rNeg     + . .     Faith    .   h - +1 leather armour {rN+}
rPois    .         Spirit   .   p - +1 hat
rElec    .         Reflect  .   s - +0 cloak
rCorr    .         Harm     .   l - +0 pair of gloves
MR       ++...                  k - +0 pair of boots
Stlth    ..........             (no amulet)
HPRegen  1.23/turn              (no ring)
MPRegen  0.10/turn              (no ring)

@: berserking, protection aura, regenerating, quick
A: +LOS, swims, slowness 1, strong legs 1
a: Hop, Berserk, Trog's Hand, Burn Spellbooks, Renounce Religion


You were on level 5 of the Dungeon.
You worshipped Trog.
Trog was most pleased with you.
You were near starving.

You visited 1 branch of the dungeon, and saw 5 of its levels.

You collected 250 gold pieces.

Inventory:

Hand Weapons
 a - a +2 mace of protection (weapon)
 b - a +3 quarterstaff of chaos
 q - a +1 falchion
Missiles
 t - 6 tomahawks (quivered)
Armour
 h - a +1 leather armour of positive energy (worn)
 k - a +0 pair of boots (worn)
 l - a +0 pair of gloves (worn)
 p - a +1 hat (worn)
 s - a +0 cloak (worn)
 u - a +0 shield (worn)
Jewellery
 i - an uncursed ring of teleportation
Wands
 w - a wand of scattershot (6)
Scrolls
 m - 3 scrolls of identify
 n - 2 scrolls of remove curse
 x - a scroll of magic mapping {unknown}
 y - a scroll of teleportation {unknown}
 B - a scroll of random uselessness {unknown}
 C - a scroll of enchant armour {unknown}
Potions
 d - 2 potions of heal wounds {unknown}
 e - 2 potions of flight {unknown}
 f - a potion of brilliance {unknown}
 g - 3 potions of haste
 o - a potion of berserk rage {unknown}
 r - 2 potions of curing
 z - a potion of mutation {unknown}
Books
 v - a book of Misfortune

   Spells                             Type                      Level
   a - Confusing Touch                Hexes                        1
   b - Confuse                        Hexes                        3
   c - Gell's Gravitas                Translocation                3
   d - Petrify                        Transmutation/Earth          4
   e - Metabolic Englaciation         Hexes/Ice                    5
   f - Yara's Violent Unravelling     Hexes/Transmutation          5
   Trog disapproves of the use of such an item.
Comestibles
 c - 12 rations
 A - 2 chunks of flesh


   Skills:
 + Level 4.9 Fighting
 + Level 5.2 Long Blades
 + Level 1.6(2.1) Maces & Flails
 + Level 2.0(2.3) Staves
 * Level 2.9 Throwing
 + Level 3.4 Armour
 + Level 3.3 Dodging
 + Level 1.4 Stealth
 + Level 0.9 Shields


You had 6 spell levels left.
You didn't know any spells.

Dungeon Overview and Level Annotations

Branches:
Dungeon (5/15)
 Temple: D:4-7

Altars:
Elyvilon
Gozag
Nemelex Xobeh
Ru
Uskayaw
Vehumet
The Shining One


Innate Abilities, Weirdness & Mutations

Shadows flee at your approach. (+LOS)
You can swim through water.
You cover ground slowly.
You can hop short distances.


Message History

The orc priest closely misses you. You block the orc wizard's attack.
You closely miss the orc wizard.
The orc priest hits you but does no damage.
You hit the orc wizard.
Your weapon exudes an aura of protection.
The orc wizard is lightly wounded.
The orc priest calls down the wrath of Beogh upon you.
Beogh smites you!
* * * LOW HITPOINT WARNING * * *
You block the orc wizard's attack.
The orc priest calls upon Beogh to heal the orc wizard.
The orc wizard's wounds heal themselves!
You hit the orc wizard.
The orc wizard is lightly wounded.
The orc wizard casts a spell.
The orc wizard flickers and vanishes!
Deactivating autopickup; reactivate with Ctrl-A.
The orc priest calls down the wrath of Beogh upon you.
Beogh smites you!
You die...

### ######## "(# #......#
#[# #......# #.# #......#
#o# #......# #o# #......#
#{# #......#
##.####@#########......#
.........................
.##.####.#########......#
#<# #......# ### ########
....... ....... .......
#######


You could see 2 orc priests.

Vanquished Creatures
  Blork the orc (D:4)
  A howler monkey (D:3)
  A hound (D:4)
  An orc priest (D:3)
  Crazy Yiuf (D:2)
  An orc wizard (D:3)
  Terence (D:2)
  Natasha (twice) (D:3)
  A hound skeleton (D:4)
  7 adders
  An ooze (D:4)
  3 worms
  2 dart slugs (D:1)
  3 leopard geckos
  6 orcs
  6 giant cockroaches
  7 goblins
  6 hobgoblins
  6 jackals
  6 bats
  3 frilled lizards
  7 kobolds
  A leopard gecko skeleton (D:4)
  A leopard gecko zombie (D:5)
  6 rats
81 creatures vanquished.

Notes
Turn   | Place    | Note
-------+----------+-------------------------------------------
     0 | D:1      | Psiloshibe the Barachi Berserker began the quest for the Orb.
     0 | D:1      | Reached XP level 1. HP: 18/18 MP: 1/1
   167 | D:1      | Reached XP level 2. HP: 9/25 MP: 2/2
   259 | D:1      | Reached skill level 1 in Throwing
   275 | D:1      | Reached skill level 4 in Long Blades
   335 | D:1      | Reached XP level 3. HP: 13/30 MP: 3/3
   405 | D:1      | Reached ** piety under Trog
   913 | D:2      | Reached XP level 4. HP: 29/38 MP: 4/4
  1237 | D:2      | Noticed Terence
  1252 | D:2      | Killed Terence
  1513 | D:2      | Found a runed door.
  1715 | D:2      | Noticed Crazy Yiuf
  1725 | D:2      | Killed Crazy Yiuf
  1725 | D:2      | Reached XP level 5. HP: 26/43 MP: 5/5
  1762 | D:3      | Reached skill level 5 in Long Blades
  1915 | D:3      | Found a white marble altar of Elyvilon.
  1920 | D:3      | Found a sparkling altar of Nemelex Xobeh.
  1920 | D:3      | Found a sacrificial altar of Ru.
  1920 | D:3      | Found an opulent altar of Gozag.
  1921 | D:3      | Found a radiant altar of Vehumet.
  1989 | D:3      | Found a hide-covered altar of Uskayaw.
  1997 | D:3      | Noticed Natasha
  2002 | D:3      | Killed Natasha
  2002 | D:3      | Reached skill level 1 in Staves
  2002 | D:3      | Reached XP level 6. HP: 43/49 MP: 6/6
  2050 | D:3      | Reached skill level 1 in Stealth
  2423 | D:3      | Noticed Natasha
  2438 | D:3      | Killed Natasha
  2708 | D:4      | Reached *** piety under Trog
  2836 | D:4      | Noticed Blork the orc
  2845 | D:4      | Killed Blork the orc
  2845 | D:4      | Reached skill level 1 in Maces & Flails
  3050 | D:4      | Received a gift from Trog
  3050 | D:4      | Reached XP level 7. HP: 52/55 MP: 7/7
  3391 | D:5      | Entered Level 5 of the Dungeon
  3421 | D:5      | Found a glowing golden altar of the Shining One.
  3567 | D:5      | HP: 4/82 [orc priest/divine providence (13)]
  3568 | D:5      | Killed from afar by an orc priest

Skill      XL: |  1  2  3  4  5  6 |
---------------+-------------------+-----
Throwing       | 1 2 |  2.9
Long Blades    | 4 5 |  5.2
Fighting       | 4 |  4.9
Armour         | 3 |  3.4
Staves         | 1 2 |  2.0
Dodging        | 3 |  3.3
Stealth        | 1 |  1.4
Maces & Flails | 1 |  1.6
Shields        | |  0.9

Action                   |  1- 3 |  4- 6 |  7- 9 || total
-------------------------+-------+-------+-------++-------
Melee: Falchion          |    83 |    44 |       ||   127
       Quarterstaff      |       |    43 |       ||    43
       Mace              |       |    74 |    31 ||   105
Throw: Javelin           |       |       |     3 ||     3
Invok: Berserk           |       |     2 |     1 ||     3
       Trog's Hand       |       |     1 |     1 ||     2
Evoke: Wand              |       |     1 |       ||     1
  Use: Scroll            |     1 |     5 |       ||     6
 Stab: Sleeping          |     1 |     1 |       ||     2
  Eat: Chunk             |       |     7 |     2 ||     9
       Ration            |       |     1 |       ||     1
Armor: Animal skin       |     5 |       |       ||     5
       Leather armour    |    13 |    80 |    13 ||   106
Dodge: Dodged            |    76 |    76 |    19 ||   171
Block: Shield            |       |    32 |    16 ||    48
       Rpst.: Falchion   |    28 |     9 |       ||    37
